 Dungeon Crawl Stone Soup version 0.22.1-2-g9c5b331383 (webtiles) character file.

562 H0rd4k the Charlatan (level 7, -2/51 HPs)
             Began as a Human Artificer on Dec 12, 2018.
             Killed by divine providence
             ... invoked by an orc priest
              (16 damage)
             ... on level 5 of the Dungeon.
             The game lasted 00:11:03 (4647 turns).

H0rd4k the Charlatan (Human Artificer)              Turns: 4647, Time: 00:11:05

Health: -2/51      AC:  5    Str: 12    XL:     7   Next: 58%
Magic:  10/10      EV: 12    Int: 13    God:
Gold:   206        SH:  0    Dex: 14    Spells: 6/6 levels left

rFire    . . .     SeeInvis .   t - +1 dagger (speed)
rCold    . . .     Gourm    .   (no shield)
rNeg     . . .     Faith    .   j - +0 ring mail (curse)
rPois    .         Spirit   .   (no helmet)
rElec    .         Reflect  .   (no cloak)
rCorr    .         Harm     .   (no gloves)
MR       .....                  (no boots)
Stlth    ++........             (no amulet)
HPRegen  0.17/turn              (no ring)
MPRegen  0.12/turn              (no ring)

@: lethally poisoned (-2 -> -32)
A: no striking features
a: no special abilities


You were on level 5 of the Dungeon.
You were not hungry.

You visited 1 branch of the dungeon, and saw 6 of its levels.
You also visited: Sewer.

You collected 206 gold pieces.

Inventory:

Hand Weapons
 a - a +0 short sword
 r - a +0 hunting sling
 t - a +1 dagger of speed (weapon)
Missiles
 e - 20 bolts
 g - 8 javelins (quivered)
 k - 33 sling bullets
 p - 4 silver tomahawks
 s - 31 arrows
Armour
 b - a +0 leather armour
 j - a cursed +0 ring mail (worn)
 o - a +0 cloak
 y - a +0 helmet
Wands
 d - a wand of enslavement (15)
Scrolls
 i - 4 scrolls of identify
 l - 2 scrolls of enchant armour
 m - a scroll of remove curse
 x - a scroll of blinking
Potions
 c - a potion of mutation {unknown}
 h - a potion of cancellation {unknown}
 n - a potion of might {unknown}
 u - a potion of heal wounds
 v - a potion of invisibility {unknown}
 w - a potion of agility {unknown}
 A - 2 potions of resistance {unknown}
Comestibles
 f - 7 rations
 q - 4 chunks of flesh


   Skills:
 + Level 2.4 Fighting
 + Level 4.2 Short Blades
 + Level 3.0 Armour
 + Level 3.2 Dodging
 + Level 2.6 Stealth
 + Level 4.2 Evocations


You had 6 spell levels left.
You didn't know any spells.
Your spell library was empty.

Dungeon Overview and Level Annotations

Branches:
Dungeon (6/15)
 Temple: D:4-7

Altars:
Elyvilon
Okawaru

Annotations:
D:4 3 runed doors, exclusion: upstairs, SpaceYeku's ghost, amateur HaWr
D:5 exclusion: downstairs
D:6 exclusion: upstairs, Pikel


Message History

You feel sick. The orc priest closely misses you.
You hit the orc priest.
The orc priest is severely wounded.
You feel sick.
You hit the orc priest but do no damage.
The orc priest is severely wounded.
You feel sick.
The orc priest hits you with a whip of venom.
You are more poisoned.
You hit the orc priest but do no damage.
The orc priest is severely wounded.
* * * LOW HITPOINT WARNING * * *
You feel sick.
You hit the orc priest but do no damage.
The orc priest is severely wounded.
* * * LOW HITPOINT WARNING * * *
You feel sick.
The orc priest calls down the wrath of Beogh upon you.
Beogh smites you!
You die...

#..... #####...#.
#.?.. ##..o.o###.
#....###..##### ##
#...#....#########
###.....####...)..>#
##....##..####.......#
#..##.##.............#
#..................###
####.@####.#####.#....
#o## #.# #.####. .{S
#.# #.# ## ....O #.#
#.# # #......
#.#####.##### #......
............. #.....)
#.####..#.... #......
#.###### #.. #


You could see an ogre, an orc priest and an adder.

Vanquished Creatures
  Purgy (Sewer)
  A sky beast (D:5)
  Blork the orc (D:5)
  An orc priest (D:6)
  An iguana (D:5)
  4 orc wizards
  A gnoll (D:5)
  6 adders
  An ooze (D:4)
  4 worms
  A dart slug (D:2)
  A leopard gecko (D:1)
  9 orcs
  5 giant cockroaches
  4 goblins
  3 hobgoblins (D:2)
  5 kobolds
  2 bats (D:1)
  4 frilled lizards
  A quokka skeleton (D:4)
  4 rats
60 creatures vanquished.

Notes
Turn   | Place    | Note
-------+----------+-------------------------------------------
     0 | D:1      | H0rd4k the Human Artificer began the quest for the Orb.
     0 | D:1      | Reached XP level 1. HP: 15/15 MP: 3/3
   198 | D:1      | Reached XP level 2. HP: 19/21 MP: 4/4
   891 | D:2      | Reached XP level 3. HP: 13/26 MP: 5/5
  1809 | D:2      | Found an iron altar of Okawaru.
  1939 | D:3      | Found a glowing drain.
  1982 | Sewer    | Entered a sewer
  2251 | Sewer    | Noticed Purgy
  2266 | Sewer    | Killed Purgy
  2266 | Sewer    | Reached XP level 4. HP: 32/32 MP: 6/6
  2266 | Sewer    | Reached XP level 5. HP: 37/37 MP: 7/7
  2454 | D:3      | Noticed a centaur
  2654 | D:4      | Noticed an ice beast
  2667 | D:4      | Noticed an ice beast
  2667 | D:4      | Noticed SpaceYeku's ghost (amateur HaWr)
  2698 | D:4      | Found a runed gate.
  2698 | D:4      | Found a runed gate.
  2698 | D:4      | Found a runed gate.
  2843 | D:5      | Entered Level 5 of the Dungeon
  3101 | D:5      | Reached XP level 6. HP: 35/44 MP: 8/8
  3270 | D:5      | Noticed Blork the orc
  3276 | D:5      | Killed Blork the orc
  3689 | D:6      | Found a white marble altar of Elyvilon.
  3975 | D:6      | Noticed a slave
  3977 | D:6      | Noticed a slave
  3977 | D:6      | Noticed a slave
  3977 | D:6      | Noticed a slave
  3978 | D:6      | Noticed Pikel
  4012 | D:5      | Noticed a sky beast
  4037 | D:5      | Killed a sky beast
  4037 | D:5      | Reached XP level 7. HP: 17/50 MP: 8/10
  4647 | D:5      | Killed from afar by an orc priest

Skill      XL: |  1  2  3  4  5  6  7 |
---------------+----------------------+-----
Short Blades   | 2 3 4 |  4.2
Armour         | 2 3 |  3.0
Stealth        | 2 |  2.6
Dodging        | 3 |  3.2
Fighting       | 2 |  2.4
Evocations     | 4 |  4.2

Action                   |  1- 3 |  4- 6 |  7- 9 || total
-------------------------+-------+-------+-------++-------
Melee: Short sword       |   101 |       |       ||   101
       Dagger            |    30 |   130 |   158 ||   318
Evoke: Wand              |     4 |    25 |     1 ||    30
  Use: Scroll            |       |     9 |       ||     9
       Potion            |       |     2 |     4 ||     6
 Stab: Confused          |     1 |       |       ||     1
       Sleeping          |       |     2 |       ||     2
       Paralysed         |       |     2 |       ||     2
  Eat: Chunk             |     4 |     2 |     2 ||     8
       Ration            |       |     1 |       ||     1
Armor: Leather armour    |    30 |    11 |       ||    41
       Ring mail         |       |     3 |    25 ||    28
Dodge: Dodged            |    71 |    51 |    37 ||   159
